 Dungeon Crawl Stone Soup version 0.27-a0-1296-g8ece459b43 (webtiles) character file.

Game seed: 17710652754659820275

63 Delamore the Skirmisher (level 4, 0/37 HPs)
             Began as a Formicid Fighter on June 16, 2021.
             Slain by Crazy Yiuf (13 damage)
             ... on level 3 of the Dungeon.
             The game lasted 00:01:24 (2053 turns).

Delamore the Skirmisher (Formicid Fighter)          Turns: 2053, Time: 00:01:25

Health: 0/37       AC:  6    Str: 21    XL:     4   Next: 31%
Magic:  4/4        EV:  8    Int:  8    God:
Gold:   89         SH: 10    Dex: 10    Spells: 3/3 levels left

rFire    . . .     SeeInvis +   a - +1 trident
rCold    . . .     Faith    .   c - +1 kite shield
rNeg     . . .     Spirit   .   b - +0 scale mail
rPois    .         Reflect  .   (helmet unavailable)
rElec    .         Harm     .   (no cloak)
rCorr    .         Rampage  .   (no gloves)
Will     .....                  (no boots)
Stlth    ..........             (no amulet)
HPRegen  0.12/turn              (no ring)
MPRegen  0.09/turn              (no ring)

@: lethally poisoned (0 -> -7)
A: permanent stasis, dig shafts and tunnels, antennae 3, four strong arms
a: Dig, Shaft Self


You were on level 3 of the Dungeon.
You visited 1 branch of the dungeon, and saw 3 of its levels.

You collected 89 gold pieces.

Inventory:

Hand Weapons
 a - a +1 trident (weapon)
Armour
 b - a +0 scale mail (worn)
 c - a +1 kite shield (worn)
Wands
 m - a wand of polymorph (9)
Potions
 d - 2 potions of might
 e - a potion of heal wounds {unknown}
 f - 2 potions of curing {unknown}
 g - a potion of berserk rage {unknown}
 h - a potion of attraction {unknown}
 i - 2 potions of degeneration {unknown}
 j - a potion of mutation {unknown}
 k - a potion of lignification {unknown}
 l - a potion of haste {unknown}


   Skills:
 + Level 4.0 Fighting
 * Level 3.6 Polearms
 - Level 3.2 Armour
 - Level 3.6 Shields


You had 3 spell levels left.
You didn't know any spells.
Your spell library was empty.

Dungeon Overview and Level Annotations

Branches:
Dungeon (3/15)

Altars:
Hepliaklqana
Makhleb
Uskayaw

Annotations:
D:3 Crazy Yiuf


Innate Abilities, Weirdness & Mutations

You cannot be hasted, slowed, berserked, paralysed or teleported.
You can dig through walls and to a lower floor.
You have a pair of large antennae on your head. (SInv)
Your four strong arms can wield two-handed weapons with a shield.


Message History

You see here a +0 leather armour.
Found a mace.
Found a runed translucent door.
Crazy Yiuf shouts!
You sense a monster nearby.
You see here a +0 dagger.
Failed to move towards target.
Could not explore, unopened runed door.
You open the door.
Crazy Yiuf whimpers, "Two!"
You puncture Crazy Yiuf!
Crazy Yiuf is moderately wounded.
Crazy Yiuf laughs, "Line!
Candle snockshim forty-two."
Crazy Yiuf hits you but does no damage.
You hit Crazy Yiuf but do no damage.
Crazy Yiuf is moderately wounded.
Crazy Yiuf hits you with a +3 quarterstaff of chaos.
Crazy Yiuf burns you. You block Crazy Yiuf's attack.
You hit Crazy Yiuf but do no damage.
Crazy Yiuf is moderately wounded.
You block Crazy Yiuf's attack.
You puncture Crazy Yiuf!
Crazy Yiuf is severely wounded.
You block Crazy Yiuf's attack.
You closely miss Crazy Yiuf.
Crazy Yiuf is severely wounded.
Crazy Yiuf says, "Shadow pizzabubble ena!"
Crazy Yiuf hits you with a +3 quarterstaff of chaos.
You closely miss Crazy Yiuf.
Crazy Yiuf is severely wounded.
Crazy Yiuf closely misses you.
Crazy Yiuf cries, "You hand pontify!"
Crazy Yiuf hits you with a +3 quarterstaff of chaos.
You are poisoned.
You barely miss Crazy Yiuf.
Crazy Yiuf is severely wounded.
You feel very sick.
Crazy Yiuf yells, "Mountain illywillydillykilly spinner!"
Crazy Yiuf hits you with a +3 quarterstaff of chaos!
Space warps horribly around you!
You die...

##.######.# ##########
...#..)##.## #........#
##.........# #........#
..........## #####
#........# ...........#
#..)# #........#
......#....# #...#
#........### ......#....#
... #.####......
....###....# #g# #.# #.#####
......#....# ♣♣@♣ ### #.# #
...........# ♣.♣♣ #.#####
....#.#.#### ♣♣.♣ #.....#
....#.#.# ♣.♣♣ ### #.###.#
......#.#### ♣♣.♣♣
#.####.###.# ...........#
♣...♣♣ #........>.#
#.....#....# ♣....♣
#.########.# ...........#
#....# #.....# #.#
#<.........###....####.###.#
#.#


You could see Crazy Yiuf.

Vanquished Creatures
  2 adders (D:3)
  A dart slug (D:2)
  2 ball pythons (D:2)
  4 endoplasms
  A giant cockroach (D:3)
  5 goblins
  2 hobgoblins
  A jackal (D:3)
  2 kobolds (D:1)
  3 quokkas (D:2)
  8 bats
  3 frilled lizards
  8 rats
42 creatures vanquished.

Notes
Turn   | Place    | Note
-------+----------+-------------------------------------------
     0 | D:1      | Delamore the Formicid Fighter began the quest for the Orb.
     0 | D:1      | Reached XP level 1. HP: 18/18 MP: 1/1
   167 | D:1      | Reached XP level 2. HP: 24/24 MP: 2/2
   599 | D:2      | Found a faded altar of an unknown god.
   684 | D:2      | Found a burning altar of Makhleb.
   693 | D:2      | Reached XP level 3. HP: 21/30 MP: 3/3
  1303 | D:3      | Reached XP level 4. HP: 30/37 MP: 4/4
  1390 | D:3      | Reached skill level 4 in Fighting
  1572 | D:3      | Found a hide-covered altar of Uskayaw.
  1782 | D:3      | Found a hazy altar of Hepliaklqana.
  1928 | D:3      | Found a runed translucent door.
  1929 | D:3      | Noticed Crazy Yiuf
  2053 | D:3      | Slain by Crazy Yiuf

Illustrated notes

Levels and vault maps discovered:
D:1:      evilmike_arrival_rings, layout_rooms, hangedman_glass_teeth
D:2:      layout_loops_ring, basic_altar, basic_ecumenical_altar,
          grunt_ministairs_7
D:3:      layout_basic, eat_drink_and_be_merry_uskayaw, marbit_many_paths,
          minmay_surrounded, uniq_crazy_yiuf_cottage

Skill      XL: |  1  2  3  4 |
---------------+-------------+-----
Polearms       | 3 |  3.6
Fighting       | 4 |  4.0
Armour         | |  3.2
Shields        | |  3.6

Action                   |  1- 3 |  4- 6 || total
-------------------------+-------+-------++-------
Melee: Trident           |   110 |    41 ||   151
  Use: Scroll            |     3 |     1 ||     4
Armor: Scale mail        |    44 |    14 ||    58
Dodge: Dodged            |    25 |    10 ||    35
Block: Kite shield       |    41 |    15 ||    56

Table legend: (Time is in decaauts)
 A = Elapsed time spent in this place.
 B = Non-inter-level travel time spent in this place.
 C = Inter-level travel time spent in this place.
 D = Time resting spent in this place.
 E = Time spent auto-exploring this place.
 F = Levels seen in this place.
 G = Mean time per level.
                   A        B        C        D        E       F      G
               +--------+--------+--------+--------+--------+-----+--------+
         Total |   2101 |   2046 |     55 |      0 |   1731 |   3 |  700.3 |
       Dungeon |   2101 |   2046 |     55 |      0 |   1731 |   3 |  700.3 |
               +--------+--------+--------+--------+--------+-----+--------+

Top non-repeatable levels by time:
     D:2: 823 daAuts
     D:3: 789 daAuts
     D:1: 488 daAuts
